 Dungeon Crawl Stone Soup version 0.25-a0-856-g25f8dcc (webtiles) character file.

Game seed: 2525574482960759176, levelgen mode: deterministic

18494 Illumine the Cleaver (level 12, -2/108 HPs)
             Began as a Minotaur Fighter on Apr 26, 2020.
             Was a High Priest of Makhleb.
             Slain by an entropy weaver (glowing shapeshifter) (6 damage)
             ... in a Gauntlet.
             The game lasted 00:14:42 (10188 turns).

Illumine the Cleaver (Minotaur Fighter)            Turns: 10188, Time: 00:14:43

Health: -2/108     AC: 14    Str: 27    XL:     12   Next: 28%
Magic:  15/15      EV:  8    Int:  9    God:    Makhleb [*****.]
Gold:   837        SH: 18    Dex:  9    Spells: 11/11 levels left

rFire    . . .     SeeInvis .   W - +11 mace "Eloekyff" {vorpal, *Drain rN+ Int+4}
rCold    . . .     Gourm    .   D - +0 tower shield
rNeg     + . .     Faith    .   z - +0 plate armour
rPois    +         Spirit   .   (helmet restricted)
rElec    .         Reflect  .   (no cloak)
rCorr    .         Harm     .   (no gloves)
MR       .....     NoTele   +   (no boots)
Stlth    ..........             h - amulet of the acrobat
HPRegen  0.28/turn              e - +4 ring of slaying
MPRegen  0.14/turn              N - ring of poison resistance

@: very slightly contaminated
A: retaliatory headbutt, horns 2
a: Minor Destruction, Lesser Servant of Makhleb, Major Destruction, Greater
Servant of Makhleb, Renounce Religion


You were in a Gauntlet.
You worshipped Makhleb.
Makhleb was extremely pleased with you.
You were not hungry.

You visited 3 branches of the dungeon, and saw 14 of its levels.
You also visited: Ossuary and Gauntlet.

You collected 981 gold pieces.
You spent 144 gold pieces at shops.

Inventory:

Hand Weapons
 a - a +0 war axe
 W - the +11 mace "Eloekyff" (weapon) {vorpal, *Drain rN+ Int+4}
   (You found it on level 2 of the Lair of Beasts)

   It inflicts extra damage upon your enemies.
   It affects your intelligence (+4).
   It protects you from negative energy.
   It causes draining when unequipped.
Missiles
 j - 5 throwing nets (quivered)
Armour
 c - the -5 pair of gloves of Pileroh {rCorr Dex+4, unknown}
   (You found it in a Gauntlet)

   It affects your dexterity (+4).
   It provides partial protection from all sources of acid and corrosion.
 z - a +0 plate armour (worn)
 D - a +0 tower shield (worn)
Jewellery
 e - a +4 ring of slaying (left hand)
 h - an amulet of the acrobat (around neck)
 n - a +4 ring of evasion {unknown}
 u - an uncursed ring of teleportation
 H - the ring of the Scavenger {rF+ rN+}
   (You took it off a centaur on level 8 of the Dungeon)

   [ring of protection from fire]

   It protects you from fire.
   It protects you from negative energy.
 N - a ring of poison resistance (right hand)
Wands
 E - a wand of iceblast (9)
 G - a wand of polymorph (22)
 I - a wand of acid (3)
 L - a wand of disintegration (41)
 Y - a wand of enslavement (10)
Scrolls
 b - 2 scrolls of noise
 k - a scroll of torment {unknown}
 p - 8 scrolls of remove curse
 y - a scroll of blinking
 A - 3 scrolls of teleportation
 B - a scroll of fear {unknown}
 O - a scroll of silence {unknown}
 P - a scroll of brand weapon {unknown}
 Q - a scroll of enchant weapon {unknown}
 R - a scroll of random uselessness {unknown}
 T - a scroll of vulnerability {unknown}
 U - a scroll of magic mapping {unknown}
 V - a scroll of fog
Potions
 d - 2 potions of might
 g - 4 potions of flight
 i - 3 potions of heal wounds
 l - 3 potions of stabbing
 m - 10 potions of curing
 o - 3 potions of brilliance
 r - 5 potions of berserk rage
 t - a potion of ambrosia
 v - 4 potions of magic
 w - 5 potions of lignification
 x - 2 potions of cancellation
 F - a potion of haste {unknown}
 J - a potion of mutation {unknown}
 K - a potion of degeneration {unknown}
 X - a potion of resistance {unknown}
Miscellaneous
 Z - a tin of tremorstones
Comestibles
 f - 22 rations


   Skills:
 + Level 10.6 Fighting
 - Level 12.0 Axes
 + Level 1.1(7.9) Maces & Flails
 + Level 10.5 Armour
 + Level 9.1 Dodging
 + Level 10.5 Shields
 + Level 6.5 Invocations


You had 11 spell levels left.
You didn't know any spells.
Your spell library contained the following spells:

 Spells                   Type           Power        Failure   Level  Hunger
 Beastly Appendage        Tmut           #.....       100%        1    ##.....
 Blink                    Tloc           N/A          100%        2    ###....
 Shroud of Golubria       Chrm/Tloc      #.....       100%        2    ###....
 Sticks to Snakes         Tmut           #.......     100%        2    ###....
 Gell's Gravitas          Tloc           #.........   100%        3    ####...
 Lesser Beckoning         Tloc           #.........   100%        3    ####...
 Spider Form              Tmut/Pois      #.........   100%        3    ####...
 Teleport Other           Tloc           #.......     100%        3    ####...
 Ice Form                 Ice/Tmut       #.......     100%        4    #####..
 Passage of Golubria      Tloc           N/A          100%        4    #####..
 Blade Hands              Tmut           #.........   100%        5    ######.


Dungeon Overview and Level Annotations

Branches:
Dungeon (11/15)            Temple (1/1) D:7            Lair (2/6) D:11
Ossuary (visited)         Gauntlet (1/1)
  Swamp: Lair:2-4    Shoals: Lair:2-4     Snake: Lair:2-4    Spider: Lair:2-4
    Orc: D:9-12

Altars:
Ashenzari
Cheibriados
Dithmenos
Elyvilon
Fedhas
Gozag
Hepliaklqana
Kikubaaqudgha
Makhleb
Nemelex Xobeh
Okawaru
Qazlal
Ru
Sif Muna
Trog
Uskayaw
Vehumet
Wu Jian
Xom
Yredelemnul
Zin
The Shining One

Shops:
D:6 %:}*

Annotations:
Gauntlet 1 transporter


Innate Abilities, Weirdness & Mutations

You reflexively headbutt those who attack you in melee.
You have a pair of horns on your head.


Message History

You hit the guardian serpent.
The guardian serpent is heavily wounded.
You recover from your berserk rage.
You block the guardian serpent's attack.
You block the entropy weaver's attack. x2; The entropy weaver hits you.
You block the entropy weaver's attack. The guardian serpent hits you!
* * * LOW HITPOINT WARNING * * *
The entropy weaver closely misses you. The entropy weaver hits you.
* * * LOW HITPOINT WARNING * * *
The entropy weaver hits you but does no damage. x2
Unknown command.
You hit the guardian serpent.
Your headbutt misses the guardian serpent.
The guardian serpent is heavily wounded.
The guardian serpent hits you!
* * * LOW HITPOINT WARNING * * *
You block the entropy weaver's attack. The entropy weaver hits you!
* * * LOW HITPOINT WARNING * * *
The entropy weaver hits you.
You die...

.............8.....8.##
######...............§
.....#...#########...##.
##...#...#..##.. #...#..
#....#####.#...###...#.8
#..#[#...#.#.^#.?#...#..
###.©#©.©#..#©#(©#.8.#.8
#..#.#...#..#..#a#...#..
#....#######...#@#...#.8
##...#...#...##S.#...#..
.....#...#########...##.
######...............≈#
.............8.....8.##
8.....8...............#
........###########...≈#
#####...#.........#...##
..ss#...#.#


You could see an entropy weaver shaped shifter and a guardian serpent.

Vanquished Creatures
  Harold (D:9)
  A two-headed ogre (D:8)
  An unseen horror (D:10)
  A deep troll (shapeshifter) (Gauntlet)
  An oklob plant (D:11)
  A centaur zombie (D:11)
  Joseph (Lair:1)
  Psyche (D:8)
  A spiny frog (Lair:2)
  An apocalypse crab (Gauntlet)
  A komodo dragon (Lair:2)
  A hornet (D:9)
  3 polar bears (D:11)
  2 trolls (D:9)
  A spriggan (D:8)
  A wraith (D:11)
  A wyvern (D:8)
  33 yaks
  3 water moccasins
  A hornet zombie (D:9)
  6 ice beasts
  A meliai simulacrum (D:11)
  7 orc warriors
  4 ogres
  A sky beast (D:7)
  A necrophage (D:11)
  A phantom (D:7)
  6 centaurs
  10 wolves
  2 crocodiles (Lair:1)
  3 big kobolds
  11 bullfrogs
  2 scorpions
  6 killer bees (D:10)
  10 wights
  3 howler monkeys
  A crimson imp (D:4)
  3 jellies
  A lava snake (D:11)
  A quasit (D:9)
  8 hounds
  2 gnoll shamans
  8 orc priests
  10 orc wizards
  4 bullfrog skeletons
  3 iguanas
  7 worker ants
  3 bullfrog simulacra (D:11)
  2 centaur simulacra
  A hound zombie (D:10)
  8 mummies (Ossuary)
  A howler monkey zombie (D:8)
  A worker ant zombie (D:8)
  7 gnolls
  6 adders
  A hound simulacrum (D:9)
  3 shadow imps
  4 white imps
  2 worker ant simulacra
  6 ufetubi
  2 oozes
  An adder skeleton (D:5)
  2 adder zombies
  4 worms
  An adder simulacrum (D:9)
  6 dart slugs
  5 leopard geckos
  41 orcs
  2 ball pythons
  7 bats
  5 giant cockroaches
  2 gnoll zombies (Ossuary)
  6 goblins
  4 hobgoblins
  8 jackals
  13 kobolds
  5 quokkas
  3 frilled lizards
  A jackal skeleton (D:5)
  A jackal zombie (D:5)
  2 kobold zombies (Ossuary)
  4 orc zombies (Ossuary)
  A quokka skeleton (D:6)
  7 rats
  A fungus (Lair:2)
  A plant (D:11)
359 creatures vanquished.

Vanquished Creatures (others)
  An orc (D:6)
1 creature vanquished.

Grand Total: 360 creatures vanquished

Notes
Turn   | Place    | Note
-------+----------+-------------------------------------------
     0 | D:1      | Illumine the Minotaur Fighter began the quest for the Orb.
     0 | D:1      | Reached XP level 1. HP: 19/19 MP: 0/0
   154 | D:1      | Found a sparkling altar of Nemelex Xobeh.
   166 | D:1      | Reached XP level 2. HP: 26/27 MP: 1/1
   488 | D:1      | Reached skill level 3 in Axes
   740 | D:2      | Found a white marble altar of Elyvilon.
   749 | D:2      | Reached XP level 3. HP: 31/33 MP: 2/2
   865 | D:2      | Found an opulent altar of Gozag.
   966 | D:2      | Reached skill level 1 in Dodging
  1067 | D:2      | Reached XP level 4. HP: 35/40 MP: 3/3
  1133 | D:2      | Reached skill level 4 in Axes
  1133 | D:2      | Reached XP level 5. HP: 16/46 MP: 4/4
  1633 | D:3      | Found a shattered altar of Ashenzari.
  1734 | D:3      | Found a sacrificial altar of Ru.
  2055 | D:4      | Noticed an ogre
  2062 | D:4      | Killed an ogre
  2062 | D:4      | Reached XP level 6. HP: 53/53 MP: 5/5
  2063 | D:4      | Reached skill level 5 in Axes
  2211 | D:4      | Found a sand-covered staircase.
  2218 | Ossuary  | Entered an ossuary
  2232 | Ossuary  | Reached skill level 5 in Shields
  2658 | D:4      | Reached skill level 5 in Fighting
  2658 | D:4      | Reached skill level 5 in Armour
  3479 | D:5      | Entered Level 5 of the Dungeon
  3554 | D:5      | Reached XP level 7. HP: 50/61 MP: 6/6
  3655 | D:5      | Reached skill level 6 in Axes
  4175 | D:5      | Reached XP level 8. HP: 66/70 MP: 7/7
  4210 | D:6      | Reached skill level 7 in Axes
  4223 | D:6      | Found Vanoclag's Book Emporium.
  4252 | D:6      | Found Omyapy's Gadget Shoppe.
  4355 | D:6      | Found Gaimm's Food Boutique.
  4659 | D:6      | Reached skill level 8 in Axes
  4868 | D:6      | Found Ejuhadaw's Assorted Antiques.
  4875 | D:6      | Bought a tower shield for 144 gold pieces
  5062 | D:7      | Found a bloodstained altar of Trog.
  5101 | D:7      | Found a stormy altar of Qazlal.
  5115 | D:7      | Reached XP level 9. HP: 65/78 MP: 8/8
  5136 | D:7      | Reached skill level 5 in Dodging
  5512 | D:7      | Found a staircase to the Ecumenical Temple.
  5565 | D:7      | Found a shimmering altar of Xom.
  5586 | Temple   | Entered the Ecumenical Temple
  5659 | Temple   | Became a worshipper of Makhleb the Destroyer
  5861 | D:8      | Reached skill level 9 in Axes
  5884 | D:8      | Noticed a two-headed ogre
  5895 | D:8      | Killed a two-headed ogre
  5895 | D:8      | Reached skill level 1 in Invocations
  5969 | D:8      | Identified the ring of the Scavenger {rF+ rN+}
  6244 | D:8      | Noticed Psyche
  6256 | D:8      | Killed Psyche
  6256 | D:8      | Reached skill level 10 in Axes
  6477 | D:8      | You fall into a shaft and drop 3 floors!
  6477 | D:11     | Noticed a polar bear
  6480 | D:11     | Noticed a polar bear
  6480 | D:11     | Noticed a polar bear
  6491 | D:11     | Reached XP level 10. HP: 83/88 MP: 10/10
  6498 | D:11     | Reached * piety under Makhleb
  6708 | D:11     | Reached ** piety under Makhleb
  6810 | D:11     | Found a flagged portal.
  6860 | D:10     | Entered Level 10 of the Dungeon
  6970 | D:10     | Killed an unseen horror
  6970 | D:10     | Reached XP level 11. HP: 60/97 MP: 13/13
  7142 | D:10     | Reached skill level 11 in Axes
  7168 | D:10     | Got a brightly glowing chain mail
  7169 | D:10     | Identified the cursed +1 chain mail "Tatwyr" {*Corrode
                  | rF++} (You found it on level 10 of the Dungeon)
  7222 | D:9      | Found a basalt altar of Yredelemnul.
  7259 | D:9      | Found a hazy altar of Hepliaklqana.
  7259 | D:9      | Found an ancient bone altar of Kikubaaqudgha.
  7259 | D:9      | Found a shimmering altar of Xom.
  7464 | D:9      | Noticed Harold
  7487 | D:9      | Killed Harold
  7487 | D:9      | Reached skill level 5 in Invocations
  7506 | D:9      | Reached *** piety under Makhleb
  8402 | D:10     | Reached **** piety under Makhleb
  8976 | D:11     | Reached skill level 10 in Fighting
  9008 | D:11     | Reached skill level 10 in Armour
  9008 | D:11     | Reached skill level 10 in Shields
  9157 | D:11     | Found a staircase to the Lair.
  9160 | D:11     | Noticed an oklob plant
  9175 | D:11     | Killed an oklob plant
  9179 | Lair:1   | Entered Level 1 of the Lair of Beasts
  9461 | Lair:1   | Noticed Joseph
  9473 | Lair:1   | Killed Joseph
  9583 | Lair:1   | Reached XP level 12. HP: 83/106 MP: 15/15
  9923 | Lair:2   | Reached ***** piety under Makhleb
 10074 | Lair:2   | Reached skill level 12 in Axes
 10090 | Lair:2   | Got a slimy mace
 10091 | Lair:2   | Identified the +11 mace "Eloekyff" {vorpal, *Drain rN+
                  | Int+4} (You found it on level 2 of the Lair of Beasts)
 10115 | Lair:2   | Found a gate leading to a gauntlet.
 10130 | Gauntlet | Entered a Gauntlet
 10130 | Gauntlet | Found a transporter.
 10136 | Gauntlet | Noticed a death scarab
 10137 | Gauntlet | Found a transporter.
 10137 | Gauntlet | Noticed a death scarab
 10139 | Gauntlet | Found a transporter.
 10166 | Gauntlet | Noticed a spark wasp
 10166 | Gauntlet | a slime creature changed into a spark wasp
 10171 | Gauntlet | Found a transporter.
 10174 | Gauntlet | Got a pair of fine gloves
 10174 | Gauntlet | Noticed a great orb of eyes
 10174 | Gauntlet | a spark wasp changed into a great orb of eyes
 10181 | Gauntlet | a great orb of eyes changed into a slime creature
 10182 | Gauntlet | Reached skill level 1 in Maces & Flails
 10182 | Gauntlet | Noticed a spark wasp
 10182 | Gauntlet | a slime creature changed into a spark wasp
 10185 | Gauntlet | Noticed an entropy weaver
 10185 | Gauntlet | a spark wasp changed into an entropy weaver
 10188 | Gauntlet | HP: 4/108 [entropy weaver (glowing shapeshifter) (8)]
 10188 | Gauntlet | Slain by an entropy weaver (glowing shapeshifter)

Levels and vault maps discovered:
D:1:      tarquinn_simple_flora_water_d, layout_basic,
          nemelex_xobeh_ov_fountains_minmay
D:2:      layout_loops_ring, nicolae_overflow_hidden_temple,
          nicolae_overflow_crystal_walls, first_ration
D:3:      lemuel_upstairs_altar, layout_rooms, ashenzari_altar_1,
          overflow_temple_1_default
D:4:      layout_layer_cave, chequers_ossuary_entry_cave
D:5:      layout_basic, serial_park_tiny_1, dk_noncrumbling_3,
          chequers_serial_rivers_small_b
D:6:      layout_basic, serial_shops, nicolae_shop_window_shopping, shop, shop,
          nicolae_shop_behind_doors
D:7:      layout_basic, nicolae_qazlal_eye_of_the_storm, kennysheep_little_box,
          minmay_temple_entry_statues_fountains, basic_altar
D:8:      layout_basic, the_bakery, uniq_psyche
D:9:      layout_loops_cross, grunt_temple_overflow_open, serial_ice,
          serial_ice_b, serial_ice_i, serial_ice_o, serial_ice_a, serial_ice_d,
          serial_ice_h, minmay_misc_feat_columns, uniq_harold
D:10:     layout_irregular_city, mrwooster_statue_mirror, dk_noncrumbling_2
D:11:     layout_small_grid, dpeg_oklobed_lair, david_orc_5, enter_bailey_2,
          serial_ice, serial_ice_c, serial_ice_h, serial_ice_g, serial_ice_f,
          serial_ice_e, serial_ice_n, kennysheep_island_fort
Temple:   nicolae_temple_hex_pool
Lair:1:   layout_regular_city, uniq_joseph
Lair:2:   layout_gridlike, gauntlet_entry_generic, lemuel_oklob_altar,
          uniq_sonja
Gauntlet: minmay_gauntlet_mixed_oops_all_seconds
          [minmay_gauntlet_arena_77_two_lines, nicolae_gauntlet_arena_t_cross,
          minmay_gauntlet_arena_77_path, gammafunk_gauntlet_arena_mazey,
          minmay_gauntlet_arena_77_squiggly, gammafunk_gauntlet_arena_split_x,
          gauntlet_exit_spiral]

Skill      XL: |  1  2  3  4  5  6  7  8  9 10 11 12 |
---------------+-------------------------------------+-----
Axes           | 3 4 5 6 8 10 11 12 | 12.0
Shields        | 4 5 6 7 9 10 | 10.5
Armour         | 4 5 6 7 9 10 | 10.5
Fighting       | 4 5 6 7 9 10 | 10.6
Dodging        | 1 2 3 4 6 7 8 9 |  9.1
Invocations    | 2 4 6 |  6.5
Maces & Flails | 1 |  1.1

Action                   |  1- 3 |  4- 6 |  7- 9 | 10-12 || total
-------------------------+-------+-------+-------+-------++-------
Melee: War axe           |    80 |   133 |   224 |   457 ||   894
       Headbutt          |    11 |    15 |    40 |   114 ||   180
       Mace              |       |       |       |    15 ||    15
  Use: Scroll            |       |     8 |    11 |     8 ||    27
       Potion            |       |       |     1 |     2 ||     3
  Eat: Chunk             |       |     5 |     9 |    10 ||    24
       Ration            |       |     1 |       |     1 ||     2
Armor: Scale mail        |    32 |    42 |       |       ||    74
       Plate armour      |       |    14 |    94 |   205 ||   313
Dodge: Dodged            |    32 |    57 |    54 |   156 ||   299
Block: Kite shield       |    44 |    41 |       |       ||    85
       Buckler           |       |    18 |    49 |       ||    67
       Tower shield      |       |       |    85 |   501 ||   586

Table legend:
 A = Non-vault XP
 B = Vault XP
 C = Vault XP percentage of total XP
 D = Non-vault monster count
 E = Vault monster count
 F = Vault count percentage of total count
                 A         B        C        D         E       F
            +---------+---------+-------+---------+---------+-------
      Total |   19629 |    6792 |  25.7 |     294 |      63 |  17.6
            +---------+---------+-------+---------+---------+-------
        D:1 |      38 |       0 |   0.0 |      20 |       0 |   0.0
        D:2 |     169 |       0 |   0.0 |      22 |       0 |   0.0
        D:3 |      57 |       0 |   0.0 |      18 |       0 |   0.0
        D:4 |     267 |       0 |   0.0 |       9 |       0 |   0.0
        D:5 |     826 |       0 |   0.0 |      28 |       0 |   0.0
        D:6 |     856 |       0 |   0.0 |      26 |       0 |   0.0
        D:7 |     805 |       0 |   0.0 |      13 |       0 |   0.0
        D:8 |    2020 |     659 |  24.6 |      24 |       2 |   7.7
        D:9 |    2535 |    1816 |  41.7 |      44 |      14 |  24.1
       D:10 |    3061 |       0 |   0.0 |      26 |       0 |   0.0
       D:11 |    4676 |    2569 |  35.5 |      40 |      28 |  41.2
     Lair:1 |    1138 |     471 |  29.3 |      10 |       1 |   9.1
     Lair:2 |    3181 |       0 |   0.0 |      14 |       0 |   0.0
    Ossuary |       0 |     154 | 100.0 |       0 |      16 | 100.0
   Gauntlet |       0 |    1123 | 100.0 |       0 |       2 | 100.0
            +---------+---------+-------+---------+---------+-------
